 Dungeon Crawl Stone Soup version 0.21.1-1-g345015f (webtiles) character file.

812 Kurtz the Insei (level 7, -1/52 HPs)
             Began as a Mummy Monk on Mar 23, 2018.
             Slain by a gnoll (6 damage)
             ... on level 6 of the Dungeon.
             The game lasted 00:08:53 (11467 turns).

Kurtz the Insei (Mummy Monk)                       Turns: 11467, Time: 00:08:54

Health: -1/52      AC:  3    Str: 15    XL:     7   Next: 61%
Magic:  7/7        EV: 13    Int: 10    God:
Gold:   306        SH:  0    Dex: 15    Spells: 6/6 levels left

rFire    x . .     SeeInvis +     - Unarmed
rCold    + . .     Gourm    .   (no shield)
rNeg     + + +     Faith    .   (no armour)
rPois    ∞         Spirit   .   p - +1 helmet
rElec    .         Reflect  .   (no cloak)
rCorr    .         Harm     .   d - +0 pair of gloves
MR       .....                  (no boots)
Stlth    ++........             (no amulet)
HPRegen  0.17/turn              n - ring of see invisible
MPRegen  0.10/turn              (no ring)

@: about to teleport
A: no food or potions, fire vulnerability, cold resistance 1, negative energy
resistance 3, torment resistance, unbreathing
a: no special abilities


You were on level 6 of the Dungeon.
You were not hungry.

You visited 1 branch of the dungeon, and saw 6 of its levels.

You collected 306 gold pieces.

Inventory:

Missiles
 a - 65 bolts
 i - 40 arrows
Armour
 d - a +0 pair of gloves (worn)
 p - a +1 helmet (worn)
Jewellery
 m - a cursed amulet of inaccuracy {unknown}
 n - a ring of see invisible (left hand)
 q - a +5 ring of intelligence
Wands
 k - a wand of scattershot (2)
 s - a wand of clouds (8)
 t - a wand of flame (39)
Scrolls
 b - 2 scrolls of fear {unknown}
 c - 6 scrolls of identify
 e - 3 scrolls of remove curse
 g - a scroll of noise {unknown}
 h - a scroll of immolation {unknown}
 j - a scroll of amnesia {unknown}
 l - a scroll of enchant armour {unknown}
 o - a scroll of teleportation
 r - a scroll of random uselessness {unknown}
 u - a scroll of magic mapping {unknown}
 v - a scroll of fog {unknown}
 w - a scroll of enchant weapon {unknown}
Comestibles
 f - 7 rations


   Skills:
 * Level 3.5 Fighting
 - Level 2.4 Dodging
 - Level 1.5 Stealth
 * Level 7.4 Unarmed Combat


You had 6 spell levels left.
You didn't know any spells.

Dungeon Overview and Level Annotations

Branches:
Dungeon (6/15)
 Temple: D:4-7

Altars:
Hepliaklqana
Makhleb
Okawaru
Trog
Vehumet

Annotations:
D:3 exclusion: downstairs
D:4 exclusion: upstairs
D:5 2 transporters
D:6 Edmund


Innate Abilities, Weirdness & Mutations

You do not eat or drink.
Your flesh is vulnerable to fire.
You are immune to poison.
Your flesh is cold resistant. (rC+)
You are immune to negative energy. (rN+++)
You are immune to unholy pain and torment.
You can survive without breathing.


Message History

There is a stone staircase leading up here. 3 gnolls come into view.
A gnoll shaman comes into view. It is wielding a whip.
The gnoll shouts! x3; You hear a shout!
The gnoll misses you.
As you read the scroll labeled FATIEB WEXZAPN, it crumbles to dust.
You feel blessed for a moment.
It was a scroll of remove curse.
The gnoll misses you.
As you read the scroll labeled JUOP PAIWIMO, it crumbles to dust.
It is a scroll of identify.
o - 2 scrolls of teleportation Edmund hits you with a flail of holy wrath.
You convulse.
The gnoll hits you!
As you read the scroll of teleportation, it crumbles to dust.
You feel strangely unstable.
Edmund hits you with a flail of holy wrath!
You convulse!
* * * LOW HITPOINT WARNING * * *
The gnoll hits you.
You die...

#.# ### #!# .g#
#.# #g# #.# #g#
#(# #g# #.#
#######@#
####.###.#.....@.#
.........#.#######
##..#.####.#
#..##...##<######
#.###.#...........
#.(##...........[.
##..#.####.######.
......# #...


You could see Edmund, a gnoll shaman and 3 gnolls.

Vanquished Creatures
  Duvessa (D:4)
  A sky beast (D:5)
  2 ogres
  Dowan (D:4)
  2 scorpions
  3 orc priests (D:5)
  A worker ant (D:5)
  Robin (D:2)
  5 adders
  3 gnolls
  A shadow imp (D:5)
  An ooze (D:3)
  2 worms
  A dart slug (D:2)
  2 leopard geckos
  9 orcs (D:5)
  4 bats
  3 giant cockroaches
  12 goblins
  7 hobgoblins
  14 jackals
  2 ball pythons (D:1)
  3 frilled lizards
  7 kobolds
  2 rats (D:1)
90 creatures vanquished.

Notes
Turn   | Place    | Note
-------+----------+-------------------------------------------
     0 | D:1      | Kurtz the Mummy Monk began the quest for the Orb.
     0 | D:1      | Reached XP level 1. HP: 18/18 MP: 1/1
   423 | D:1      | Reached skill level 3 in Unarmed Combat
   423 | D:1      | Reached XP level 2. HP: 12/24 MP: 2/2
  2118 | D:2      | Noticed Robin
  2144 | D:2      | Reached XP level 3. HP: 12/29 MP: 3/3
  2960 | D:3      | Found an iron altar of Okawaru.
  3375 | D:3      | Reached skill level 4 in Unarmed Combat
  3493 | D:2      | Killed Robin
  3493 | D:2      | Reached XP level 4. HP: 22/35 MP: 4/4
  4639 | D:2      | HP: 1/35 [gnoll/flail (9)]
  4698 | D:2      | HP: 1/35 [gnoll/flail (6)]
  5194 | D:3      | Reached XP level 5. HP: 7/41 MP: 5/5
  5641 | D:3      | Reached skill level 5 in Unarmed Combat
  5681 | D:4      | Noticed Duvessa
  5681 | D:4      | Noticed Dowan
  6372 | D:4      | Noticed an ogre
  6450 | D:4      | Killed an ogre
  6450 | D:4      | Reached XP level 6. HP: 9/47 MP: 6/6
  7020 | D:4      | Found a radiant altar of Vehumet.
  7392 | D:4      | Found a bloodstained altar of Trog.
  8064 | D:5      | Entered Level 5 of the Dungeon
  8083 | D:5      | Found a transporter.
  8393 | D:5      | Reached skill level 6 in Unarmed Combat
  8460 | D:5      | Found a burning altar of Makhleb.
  8462 | D:5      | Noticed a balrug
  8611 | D:5      | Noticed a sky beast
  8684 | D:5      | Killed a sky beast
  8684 | D:5      | Reached XP level 7. HP: 7/52 MP: 7/7
  9781 | D:5      | Reached skill level 7 in Unarmed Combat
 10013 | D:5      | Found a hazy altar of Hepliaklqana.
 10038 | D:5      | Found a transporter.
 10256 | D:6      | Noticed Edmund
 10792 | D:4      | Killed Duvessa
 11200 | D:4      | Killed Dowan
 11467 | D:6      | Slain by a gnoll

Skill      XL: |  1  2  3  4  5  6  7 |
---------------+----------------------+-----
Unarmed Combat | 3 4 5 6 7 |  7.4
Fighting       | |  3.5
Dodging        | |  2.4
Stealth        | |  1.5

Action                   |  1- 3 |  4- 6 |  7- 9 || total
-------------------------+-------+-------+-------++-------
Melee: Unarmed           |   157 |   209 |    69 ||   435
       Punch             |     5 |     4 |     5 ||    14
  Use: Scroll            |       |       |     3 ||     3
 Stab: Sleeping          |     6 |     4 |     1 ||    11
Armor: Skin              |    16 |    32 |     9 ||    57
Dodge: Dodged            |    98 |   144 |    29 ||   271
